 Dungeon Crawl Stone Soup version 0.31-a0-675-g238779eb0a (webtiles) character file.

Game seed: 6581881559309034876

47 qw the Shooter (level 3, -3/22 HPs)
             Began as a Gargoyle Hunter on Sept 5, 2023.
             Killed from afar by Sigmund (8 damage)
             ... with a puff of flame
             ... on level 2 of the Dungeon.
             The game lasted 00:00:25 (1127 turns).

qw the Shooter (Gargoyle Hunter)                    Turns: 1127, Time: 00:00:25

Health: -3/22      AC: 11    Str: 20    XL:     3   Next: 70%
Magic:  3/3        EV: 11    Int:  9    God:
Gold:   83         SH:  0    Dex: 15    Spells: 2/2 levels left

rFire   . . .        Y - +0 shortbow
rCold   . . .        (shield currently unavailable)
rNeg    + . .        f - +0 ring mail
rPois   inf          d - +2 helmet
rElec   +            (no cloak)
rCorr   .            (no gloves)
SInv    .            (no boots)
Will    .....        (no amulet)
Stlth   +            g - +6 ring of strength
HPRegen 0.23/turn    (no ring)
MPRegen 0.08/turn

%: no passive effects
@: no status effects
A: sickness immunity, AC +3, negative energy resistance 1, electricity
resistance, torment resistance 1, petrification resistance
a: no special abilities


You were on level 2 of the Dungeon.
You visited 1 branch of the dungeon, and saw 2 of its levels.

You collected 83 gold pieces.


Innate Abilities, Weirdness & Mutations

You are immune to sickness and miasma.
Your stone body is resilient. (AC +3)
You are immune to poison.
You resist negative energy. (rN+)
You are resistant to electric shocks. (rElec)
You are resistant to unholy torment.
You are immune to petrification.


   Skills:
 + Level 2.5 Fighting
 - Level 5.0 Ranged Weapons
 - Level 1.0 Armour
 - Level 1.5 Dodging
 - Level 1.1 Stealth


You had 2 spell levels left.
You didn't know any spells.
Your spell library was empty.

Inventory:

Hand Weapons
 Y - a +0 shortbow (weapon)
Armour
 d - a +2 helmet (worn)
 f - a +0 ring mail (worn)
Jewellery
 c - a +5 ring of evasion
 g - a +6 ring of strength (left hand)
Potions
 a - a potion of invisibility {unknown}
 b - a potion of might {unknown}
 h - a potion of haste {unknown}

Dungeon Overview and Level Annotations

Branches:
Dungeon (2/15)

Altars:

Shops:
D:1 (

Annotations:
D:2 Sigmund


Message History

Sigmund is heavily wounded.
Sigmund barely misses you.
You shoot an arrow.
The arrow hits Sigmund but does no damage.
Sigmund is heavily wounded.
Sigmund casts a spell.
Sigmund flickers and vanishes!
Deactivating autopickup; reactivate with Ctrl-A.
You shoot an arrow.
You hear some strange, mumbled words.
Something tries to affect you, but you resist.
You shoot an arrow. Something hits you.
A ball python comes into view.
You shoot an arrow.
The arrow closely misses the ball python.
Something hits you but does no damage.
You shoot an arrow.
The arrow closely misses the ball python.
Something barely misses you.
You shoot an arrow. Something hits you.
You shoot an arrow. You shoot an arrow. The arrow hits the ball python.
The ball python is heavily wounded.
Something hits you but does no damage.
The ball python bites you but does no damage.
The ball python grabs you. The ball python constricts you.
You shoot an arrow.
The arrow hits the ball python but does no damage.
The ball python is heavily wounded.
The ball python bites you but does no damage.
The ball python constricts you. Something hits you. The ball python bites you.
The ball python constricts you.
You shoot an arrow. The arrow hits the ball python.
You kill the ball python!
You hear some strange, mumbled words.
A puff of flame appears from out of thin air!
The puff of flame hits you!
You die...

......### ....# ..........
....# ########## #.#.#
######## #.#.######
#......###########.#......#
'..............)............
#......###########.#######..
#......# ####......#
######## #.%@......#
#.##......# # #{.....#
#......# #......# .........
##.. ####.###### .... .# ##
..).#


There were no monsters in sight!

Vanquished Creatures
  An adder (D:2)
  A dart slug (D:1)
  2 ball pythons (D:2)
  A bat (D:1)
  3 endoplasms (D:1)
  A giant cockroach (D:1)
  6 goblins
  5 hobgoblins
  4 jackals (D:2)
  3 kobolds
  2 frilled lizards (D:1)
  2 rats (D:1)
31 creatures vanquished.

Notes
Turn   | Place    | Note
-------+----------+-------------------------------------------
     0 | D:1      | qw the Gargoyle Hunter began the quest for the Orb.
     0 | D:1      | Reached XP level 1. HP: 12/12 MP: 1/1
     0 | D:1      | 0 ||| qw: Version: 0.3-a-75-g829b12e
     0 | D:1      | 0 ||| qw: Game counter: 140
     0 | D:1      | 0 ||| qw: Melee chars always use a shield: true
     0 | D:1      | 0 ||| qw: God list: Okawaru
     0 | D:1      | 0 ||| qw: Allow faded altars: false
     0 | D:1      | 0 ||| qw: Do Orc after clearing Dungeon:15 true
     0 | D:1      | 0 ||| qw: Do second Lair branch before Depths: true
     0 | D:1      | 0 ||| qw: Lair rune preference: random
     0 | D:1      | 0 ||| qw: Goals: Normal
     0 | D:1      | 0 ||| PLANNING D:1-11
   231 | D:1      | Found Ymusyll's Antique Weapon Boutique.
   237 | D:1      | 237 ||| SHOPLISTING jewelled arbalest (256 gold, have 22).
   364 | D:1      | Reached XP level 2. HP: 17/17 MP: 2/2
   520 | D:1      | Reached XP level 3. HP: 21/21 MP: 3/3
   859 | D:1      | 859 ||| UPGRADING to +2 helmet.
   864 | D:1      | 864 ||| UPGRADING to +0 ring mail.
   874 | D:1      | 874 ||| DROPPING +0 leather armour.
   875 | D:1      | 875 ||| DROPPING ring of flight.
   876 | D:1      | 876 ||| UPGRADING to +6 ring of strength.
   877 | D:1      | 877 ||| READING scroll labelled DEHYLA SAETERA.
   882 | D:1      | 882 ||| DROPPING scroll of butterflies.
   970 | D:2      | Reached skill level 1 in Armour
  1008 | D:2      | Reached skill level 5 in Ranged Weapons
  1098 | D:2      | Noticed Sigmund
  1126 | D:2      | HP: 5/22 [ball python (2)]
  1127 | D:2      | Killed from afar by Sigmund

Levels and vault maps discovered:
D:1:      shiori_arrival_oz, layout_basic, serial_shops, shop, minmay_tripent
D:2:      layout_basic, uniq_sigmund

Skill      XL: |  1  2  3 |
---------------+----------+-----
Armour         | 1 |  1.0
Ranged Weapons | 5 |  5.0
Fighting       | |  2.5
Dodging        | |  1.5
Stealth        | |  1.1

Action                     || total
---------------------------++-------
   Fire: Shortbow          ||   109
    Use: Scroll            ||     1
 Armour: Leather armour    ||    13
         Ring mail         ||    28
  Dodge: Dodged            ||    37

Table legend:
 A = Non-vault XP
 B = Vault XP
 C = Vault XP percentage of total XP
 D = Non-vault monster count
 E = Vault monster count
 F = Vault count percentage of total count
                 A         B        C        D         E       F
            +---------+---------+-------+---------+---------+-------
      Total |      65 |       5 |   7.1 |      28 |       3 |   9.7
            +---------+---------+-------+---------+---------+-------
        D:1 |      33 |       5 |  13.2 |      17 |       3 |  15.0
        D:2 |      32 |       0 |   0.0 |      11 |       0 |   0.0
            +---------+---------+-------+---------+---------+-------
